 Dungeon Crawl Stone Soup version 0.16-a0-2093-g8c923f7 (webtiles) character file.

592 timbw the Ruffian (level 7, 0/60 (61) HPs)
             Began as a Ghoul Monk on Nov 12, 2014.
             Slain by a sky beast (6 damage)
             ... on level 8 of the Dungeon.
             The game lasted 00:08:22 (2058 turns).

timbw the Ruffian (Ghoul Monk)                      Turns: 2058, Time: 00:08:22

HP:   0/60 (61)     AC:  7    Str: 15    XL:     7   Next: 39%
MP:   5/5           EV: 10    Int:  5    God:
Gold: 212           SH:  0    Dex: 13    Spells: 0 memorised, 6 levels left

rFire  . . .     SeeInvis .       - Unarmed
rCold  + . .     Clarity  .     f - +1 ring mail (curse)
rNeg   + + +     SustAb   .     (no shield)
rPois  +         Gourm    .     (no helmet)
rElec  .         Spirit   .     c - +0 cloak (curse)
rCorr  .         Warding  .     (no gloves)
rMut   .         Stasis   .     (no boots)
MR     .....                    (no amulet)
Stlth  +.........               (no ring)
                                (no ring)

@: rotting, not resistant to hostile enchantments, very unstealthy
A: rotting body, claws 1, carnivore 3, cold resistance 1, negative energy
resistance 3, poison resistance, slow healing 1, torment resistance, unbreathing
a: no special abilities


You were on level 8 of the Dungeon.
You were not hungry.

You visited 2 branches of the dungeon, and saw 9 of its levels.
You also visited: Ossuary.

You collected 212 gold pieces.

Inventory:

Armour
 a - a cursed +0 robe
 c - a cursed +0 cloak (worn)
 f - a cursed +1 ring mail (worn)
 j - a cursed +1 leather armour of cold resistance
Magical devices
 m - a wand of flame (27)
Scrolls
 d - a scroll of remove curse
 e - a scroll of immolation {unknown}
 k - a scroll of enchant weapon {unknown}
Potions
 g - a potion of magic
 h - a potion of heal wounds {unknown}
Books
 n - a book of Fire

   Spells                             Type                      Level
   Ignite Poison                      Fire/Transmutation           5
   Fireball                           Conjuration/Fire             5
   Bolt of Fire                       Conjuration/Fire             6
   Delayed Fireball                   Conjuration/Fire             7
   Ring of Flames                     Charms/Fire                  7
Comestibles
 b - a beef jerky


   Skills:
 + Level 5.3 Fighting
 + Level 4.4 Dodging
 - Level 2.1 Stealth
 * Level 7.4 Unarmed Combat


You had 6 spell levels left.
You didn't know any spells.

Dungeon Overview and Level Annotations

Branches:
Dungeon (8/15)             Temple (1/1) D:6
   Lair: D:8-11

Altars:
Ashenzari
Dithmenos
Gozag
Kikubaaqudgha
Nemelex Xobeh
Okawaru
Sif Muna
Trog
Vehumet
Yredelemnul
Zin
The Shining One
Jiyva

Shops:
D:8 (


Innate Abilities, Weirdness & Mutations

Your body is rotting away.
You thrive on raw meat.
You have sharp fingernails.
You are carnivorous and can eat meat at any time.
Your flesh is cold resistant.
You are immune to negative energy.
Your system is resistant to poisons.
You heal slowly when monsters are visible.
You are immune to unholy pain and torment.
You can survive without breathing.


Message History

Reactivating autopickup.
There is an entrance to Quzoryank's Antique Weapon Emporium here.
You barely miss the sky beast.
The sky beast flickers out of sight!
Deactivating autopickup; reactivate with Ctrl-A.
Something hits you but does no damage.
You claw something! Something hits you but does no damage.
You closely miss something.
You feel your flesh rotting away. Something hits you. Something shocks you.
* * * LOW HITPOINT WARNING * * *
You miss something. You scratch something. Something hits you.
* * * LOW HITPOINT WARNING * * *
Something shocks you.
* * * LOW HITPOINT WARNING * * *
You miss something. Something hits you but does no damage.
You closely miss something. Your claw misses something. Something hits you.
* * * LOW HITPOINT WARNING * * *
Something shocks you.
You die...

### . #.. ... #
##.# ###.. #. #..#
... #.####8.##.#
#.......{@.# .
#.#.8.∩.8.##
..#.......###
.....###.8.#.##.#
.................
..................
......###.#.#.##.#
.......# #.#.#.#
.....# #.#.#..


There were no monsters in sight!

Vanquished Creatures
  A necrophage (D:5)
  A phantom (D:4)
  A giant frog (D:6)
  A jelly (D:4)
  A quasit (D:5)
  3 iguanas
  A worker ant (D:4)
  An orc wizard (D:5)
  An ogre skeleton (D:6)
  4 mummies
  2 adders
  An ooze (D:5)
  4 giant geckos
  9 orcs
  A bat skeleton (D:5)
  2 giant cockroaches
  8 goblins
  5 hobgoblins
  10 jackals
  3 quokkas
  4 bats
  A giant gecko skeleton (D:4)
  4 giant newts
  A gnoll zombie (Ossuary)
  4 kobolds
  A kobold zombie (Ossuary)
  2 orc skeletons
  3 orc zombies (Ossuary)
  4 rats
  A rat skeleton (D:5)
  2 toadstools (D:1)
87 creatures vanquished.

Notes
Turn   | Place    | Note
--------------------------------------------------------------
     0 | D:1      | timbw, the Ghoul Monk, began the quest for the Orb.
     0 | D:1      | Reached XP level 1. HP: 19/19 MP: 1/1
    67 | D:1      | Reached XP level 2. HP: 24/26 MP: 2/2
   267 | D:3      | Reached XP level 3. HP: 17/33 MP: 3/3
   374 | D:3      | Found a bloodstained altar of Trog.
   398 | D:3      | Reached skill level 5 in Unarmed Combat
   530 | D:3      | Found a deep blue altar of Sif Muna.
   548 | D:3      | Found a sparkling altar of Nemelex Xobeh.
   551 | D:3      | You fall through a shaft!
   692 | D:4      | Reached XP level 4. HP: 26/40 MP: 3/3
   701 | D:4      | Noticed an ogre
   762 | D:4      | Found a shadowy altar of Dithmenos.
   762 | D:4      | Noticed a phantom
   799 | D:4      | Killed a phantom
   799 | D:4      | Reached XP level 5. HP: 14/46 MP: 4/4
   820 | D:4      | Reached skill level 6 in Unarmed Combat
   923 | D:4      | Reached XP level 6. HP: 38/53 MP: 5/5
   990 | D:5      | Entered Level 5 of the Dungeon
  1296 | D:6      | Got a heavily runed plate armour
  1307 | D:6      | Identified the cursed -5 plate armour of Pragmatism {+Fly rCorr Curse} (You found it on level 6 of the Dungeon)
  1351 | D:6      | Found a staircase to the Ecumenical Temple.
  1368 | Temple   | Entered the Ecumenical Temple
  1595 | D:6      | Reached skill level 5 in Fighting
  1595 | D:6      | Reached skill level 7 in Unarmed Combat
  1595 | D:6      | Reached XP level 7. HP: 44/60 MP: 5/5
  1827 | D:7      | Noticed a hippogriff
  1843 | D:8      | Found an ancient bone altar of Kikubaaqudgha.
  1941 | D:8      | Found a sand-covered staircase.
  1945 | Ossuary  | Entered an ossuary
  2040 | D:8      | Found Quzoryank's Antique Weapon Emporium.
  2058 | D:8      | Slain by a sky beast

Action                   |  1- 3 |  4- 6 |  7- 9 || total
-------------------------+-------+-------+-------++-------
Melee: Unarmed           |    81 |   115 |    73 ||   269
  Use: Scroll            |     2 |     6 |       ||     8
 Stab: Sleeping          |     1 |     2 |       ||     3
  Eat: Chunk             |     4 |     8 |     3 ||    15
